[Event "*** Titled Tuesday Blitz"]
[Site "Chess.com"]
[Date "2021.02.02"]
[Round "2"]
[White "Lion-Al-Messi"]
[Black "GMJustin"]
[Result "1-0"]
[WhiteElo "2569"]
[BlackElo "2298"]
[TimeControl "180+1"]
[EndTime "10:17:09 PST"]
[Termination "Lion-Al-Messi won on time"]

1. e4 e5 2. Nf3 Nc6 3. Bb5 a6 4. Ba4 Nf6 5. O-O Be7 6. Qe2 b5 7. Bb3 Bb7 8. c3 d6 9. d4 O-O 10. Rd1 Qc8 11. Bg5 h6 12. Bh4 Qg4 13. h3 Qxe4 14. Qxe4 Nxe4 15. Bd5 Bxh4 16. Bxe4 Bf6 17. Nbd2 Rad8 18. dxe5 dxe5 19. Nb3 Na5 20. Nc5 Bxe4 21.
Nxe4 Nc4 22. b3 Nd6 23. Nc5 e4 24. Nd4 a5 25. Nc6 1-0

[Event "*** Titled Tuesday Blitz"]
[Site "Chess.com"]
[Date "2021.02.02"]
[Round "2"]
[White "svilson23"]
[Black "Chessmasterzt"]
[Result "0-1"]
[WhiteElo "2256"]
[BlackElo "2620"]
[TimeControl "180+1"]
[EndTime "10:17:11 PST"]
[Termination "Chessmasterzt won by resignation"]

1. d4 Nf6 2. Bg5 Ne4 3. Bf4 c5 4. f3 Nf6 5. d5 e6 6. c4 exd5 7. cxd5 Nh5 8. Qd2 Nxf4 9. Qxf4 d6 10. Nc3 Be7 11. e4 O-O 12. Bd3 a6 13. a4 Qb6 14.
Nge2 Nd7 15. Bc2 c4 16. O-O-O Nc5 17. Nd4 Qd8 18. Nf5 Bg5 0-1

[Event "*** Titled Tuesday Blitz"]
[Site "Chess.com"]
[Date "2021.02.02"]
[Round "2"]
[White "Piacramling"]
[Black "medalja"]
[Result "0-1"]
[WhiteElo "2244"]
[BlackElo "2469"]
[TimeControl "180+1"]
[EndTime "10:17:15 PST"]
[Termination "medalja won by checkmate"]

1. Nf3 Nf6 2. d4 e6 3. c4 d5 4. Nc3 Bb4 5. Qb3 Nc6 6. a3 Bxc3+ 7. Qxc3 Ne4 8. Qc2 O-O 9. Bf4 f5 10. h4 Bd7 11. e3 Be8 12. Bd3 Bh5 13. Ne5 Nxe5 14.
Bxe5 c6 15. f3 Nd6 16. c5 Nf7 17. O-O-O Nxe5 18. dxe5 Qc7 19. Qc3 b6 20. Rhg1 bxc5 21. g4 fxg4 22. fxg4 Bg6 23. Bxg6 hxg6 24. Qxc5 Qxe5 25.
Kb1 Rf2 26. Rgf1 Qxb2# 0-1

[Event "*** Titled Tuesday Blitz"]
[Site "Chess.com"]
[Date "2021.02.02"]
[Round "2"]
[White "Lady_Nika"]
[Black "JiiHart"]
[Result "1-0"]
[WhiteElo "2396"]
[BlackElo "2100"]
[TimeControl "180+1"]
[EndTime "10:17:16 PST"]
[Termination "Lady_Nika won by resignation"]

1. d4 d5 2. e3 Nf6 3. f4 c5 4. Nf3 Bg4 5. c3 e6 6. Bd3 Nc6 7. O-O Bd6 8. Qe1 Ne4 9. Bxe4 dxe4 10. Ne5 Bxe5 11. fxe5 Bf5 12. Nd2 b5 13. Rf4 g5 14.
Rxe4 Bxe4 15. Nxe4 cxd4 16. Nd6+ Kf8 17. exd4 Qe7 18.
Qf2 h6 19. Be3 a6 20. Rf1 Rh7 21. Qf3 Qd7 22. Qh5 Ra7 23. Bxg5 Ne7 24. Bxh6+ Kg8 25. Rxf7 1-0

[Event "*** Titled Tuesday Blitz"]
[Site "Chess.com"]
[Date "2021.02.02"]
[Round "2"]
[White "ENajer77"]
[Black "Abdimalik_Abdisalimov"]
[Result "1-0"]
[WhiteElo "2639"]
[BlackElo "2334"]
[TimeControl "180+1"]
[EndTime "10:17:19 PST"]
[Termination "ENajer77 won by resignation"]

1. d4 Nf6 2. c4 g6 3. Nc3 Bg7 4. e4 d6 5. Be2 O-O 6. Be3 Nc6 7. d5 Nb8 8. Nf3 e5 9. Nd2 c6 10. O-O cxd5 11. cxd5 Nbd7 12. Nc4 Qe7 13. a4 b6 14. f3 Ba6 15. Nxe5 Bxe2 16. Nc6 Bxd1 17. Nxe7+ Kh8 18. Rfxd1 Rfe8 19. Nc6 Ne5 20. Nb5 Nxc6 21. dxc6 d5 22. Nc7 dxe4 23. Nxa8 Rxa8 24. c7 Ne8 25. Rd8 1-0

[Event "*** Titled Tuesday Blitz"]
[Site "Chess.com"]
[Date "2021.02.02"]
[Round "2"]
[White "Soltan49"]
[Black "HackingKid98"]
[Result "0-1"]
[WhiteElo "2235"]
[BlackElo "2451"]
[TimeControl "180+1"]
[EndTime "10:17:19 PST"]
[Termination "HackingKid98 won by resignation"]

1. d4 Nf6 2. c3 d5 3. f4 c5 4.
e3 g6 5. Nf3 Bg7 6. Be2 O-O 7.
O-O b6 8. Nbd2 Ba6 9. Bxa6 Nxa6 10. Ne5 Qc7 11. Qa4 Nb8 12. Ndf3 Nbd7 13. Bd2 Rab8 14.
Qa6 b5 15. Nxd7 Nxd7 16. Ne5 e6 17. b4 cxb4 18. cxb4 Nxe5 19. fxe5 Rb6 20. Qa3 Rc6 21.
Rac1 Rc4 22. Qa5 Qxa5 23. bxa5 Rfc8 24. Rxc4 Rxc4 25. Rc1 Rxc1+ 26. Bxc1 Bf8 27. a6 Bb4 28. g4 Kf8 29. Kg2 Ke8 30. Kf3 Kd7 31. Kf4 Be7 32.
e4 g5+ 33. Kf3 Kc6 34. exd5+ exd5 35. h4 h6 36. h5 Kb6 37. Ke2 Kxa6 38. Kd3 b4 39. Kc2 Kb5 40. Kb3 a5 41. Be3 a4+ 42. Kc2 Kc4 43. Bf2 Bd8 0-1

[Event "*** Titled Tuesday Blitz"]
[Site "Chess.com"]
[Date "2021.02.02"]
[Round "2"]
[White "Jumbo"]
[Black "tylityli"]
[Result "1-0"]
[WhiteElo "2812"]
[BlackElo "2353"]
[TimeControl "180+1"]
[EndTime "10:17:22 PST"]
[Termination "Jumbo won by resignation"]

1. e3 e5 2. c4 Nf6 3. Nc3 d5 4. cxd5 Nxd5 5. Qc2 Be7 6. a3 O-O 7. Nf3 Bf6 8. Ne4 Nc6 9. b4 a6 10. Bb2 Re8 11. Bc4 Be6 12. O-O Nb6 13. Bxe6 Rxe6 14. Nc5 Re8 15. Nxb7 Qd5 16. e4 Qc4 17. Rfc1 Qxc2 18.
Rxc2 Na4 19. Rxc6 Nxb2 20. Rxc7 Nd3 21. Nc5 Nf4 22. g3 Ne2+ 23. Kf1 Nd4 24. Nxd4 exd4 25.
d3 a5 26. b5 a4 27. b6 Reb8 28.
b7 1-0

[Event "*** Titled Tuesday Blitz"]
[Site "Chess.com"]
[Date "2021.02.02"]
[Round "2"]
[White "JAAC2002"]
[Black "BJthechessgod"]
[Result "1-0"]
[WhiteElo "2513"]
[BlackElo "2302"]
[TimeControl "180+1"]
[EndTime "10:17:22 PST"]
[Termination "JAAC2002 won by resignation"]

1. d4 Nf6 2. Nf3 e6 3. Bf4 Be7 4. Nbd2 O-O 5. e4 c5 6. c3 d5 7.
e5 Nfd7 8. Bd3 Nc6 9. h4 h6 10. g4 cxd4 11. cxd4 Qb6 12. Nb3 Na5 13. g5 Nxb3 14.
axb3 h5 15. g6 f6 16. Ng5 Qb4+ 17. Bd2 Qxd4 18. Qxh5 Qxe5+ 19. Kd1 1-0

[Event "*** Titled Tuesday Blitz"]
[Site "Chess.com"]
[Date "2021.02.02"]
[Round "2"]
[White "Artem_Sadovsky"]
[Black "hansen"]
[Result "0-1"]
[WhiteElo "2568"]
[BlackElo "2899"]
[TimeControl "180+1"]
[EndTime "10:17:28 PST"]
[Termination "hansen won on time"]

1. Nf3 d5 2. c4 e6 3. b3 Nc6 4. Bb2 d4 5. e3 e5 6. exd4 exd4 7. Bd3 Nf6 8. O-O Be7 9. a3 a5 10. Re1 O-O 11. h3 h6 12. Ne5 Nxe5 13. Rxe5 Bd6 14. Re1 c5 15. a4 Bc7 16. Qf3 Qd6 17. Kf1 Qh2 18. Be4 Nxe4 19. Rxe4 Bd7 20. d3 Bc6 21.
Nd2 f5 22. Ke2 fxe4 0-1

[Event "*** Titled Tuesday Blitz"]
[Site "Chess.com"]
[Date "2021.02.02"]
[Round "2"]
[White "SCIM"]
[Black "SGchess01"]
[Result "0-1"]
[WhiteElo "2422"]
[BlackElo "2795"]
[TimeControl "180+1"]
[EndTime "10:17:28 PST"]
[Termination "SGchess01 won by resignation"]

1. d4 Nf6 2. c4 e6 3. Nf3 d5 4.
Nc3 c5 5. e3 cxd4 6. exd4 Bb4 7.
cxd5 Nxd5 8. Bd2 O-O 9. Bd3 Nc6 10. O-O Nf6 11. Bg5 Be7 12. Rc1 b6 13. d5 exd5 14.
Bxf6 Bxf6 15. Nxd5 Bb7 16. Nxf6+ Qxf6 17. Be4 Rad8 18.
Qc2 Nb4 19. Qb1 Bxe4 20. Qxe4 Nxa2 21. Ra1 Qxb2 22. Ng5 g6 23. Qh4 h5 24. Nxf7 Kxf7 25. Qc4+ Kg7 26. Rxa2 Qf6 27. Rxa7+ Kh6 28. Qc7 Qxf2+ 0-1

[Event "*** Titled Tuesday Blitz"]
[Site "Chess.com"]
[Date "2021.02.02"]
[Round "2"]
[White "ozates"]
[Black "Chuchofrio1"]
[Result "1-0"]
[WhiteElo "2470"]
[BlackElo "2259"]
[TimeControl "180+1"]
[EndTime "10:17:28 PST"]
[Termination "ozates won by resignation"]

1. Nf3 Nf6 2. g3 g6 3. c4 Bg7 4. Nc3 O-O 5. Bg2 d6 6. O-O e5 7.
d3 Nc6 8. Rb1 a5 9. a3 Re8 10.
b4 axb4 11. axb4 Bf5 12. b5 Ne7 13. Nh4 Bc8 14. Bd2 Nh5 15. Ra1 Rxa1 16. Qxa1 f5 17. Nd5 Nxd5 18. Bxd5+ Be6 19. Bxb7 f4 20. Bf3 Qc8 21.
Bxh5 gxh5 22. Bc3 Qd8 23. Kh1 fxg3 24. fxg3 Rf8 25. Kg1 Qg5 26. Rxf8+ Bxf8 27. Kf2 Bh6 28. Qa8+ Kg7 29. Qf3 Bg4 30. Qe4 Qf6+ 31. Nf3 h4 32.
Qxg4+ 1-0

[Event "*** Titled Tuesday Blitz"]
[Site "Chess.com"]
[Date "2021.02.02"]
[Round "2"]
[White "lachesisQ"]
[Black "dukicz123"]
[Result "1-0"]
[WhiteElo "3075"]
[BlackElo "2603"]
[TimeControl "180+1"]
[EndTime "10:17:32 PST"]
[Termination "lachesisQ won on time"]

1. b3 e5 2. Bb2 Nc6 3. Nf3 e4 4. Nd4 Nf6 5. c4 Bd6 6. Nf5 Bf8 7. Ng3 Bc5 8. e3 O-O 9. Bxf6 Qxf6 10. Nc3 d6 11. Ncxe4 Qe7 12. Nxc5 dxc5 13. Be2 f5 14. f4 Be6 15. O-O Rad8 16. Qc2 Qd7 17. Rad1 Nb4 18. Qb1 Nd3 19. Nh1 Rfe8 20. Bxd3 Qxd3 21. Qxd3 Rxd3 22. Nf2 Rd7 23. d4 Bf7 24. dxc5 Rde7 25. Nd3 1-0

[Event "*** Titled Tuesday Blitz"]
[Site "Chess.com"]
[Date "2021.02.02"]
[Round "2"]
[White "c_r_e_e_p_e_r"]
[Black "Larciano"]
[Result "1-0"]
[WhiteElo "2359"]
[BlackElo "1689"]
[TimeControl "180+1"]
[EndTime "10:17:35 PST"]
[Termination "c_r_e_e_p_e_r won by resignation"]

1. d4 Nf6 2. c4 e6 3. Nc3 Bb4 4.
e3 Nc6 5. Nf3 O-O 6. a3 Bxc3+ 7.
bxc3 d6 8. Bd3 e5 9. e4 h6 10.
O-O Bg4 11. d5 Nb8 12. h3 Bc8 13. Ne1 b6 14. a4 a5 15. f4 Nbd7 16. f5 Nc5 17. Qe2 Nh7 18. Nf3 f6 19. h4 Bd7 20.
g4 Qe8 21. Kg2 Bxa4 22. g5 fxg5 23. hxg5 hxg5 24. Nxg5 Nxg5 25. Bxg5 Nxd3 26. Qxd3 Qh5 27. Qg3 Bd7 28. Rf2 a4 29. Rh1 Qf7 30. Qh4 1-0

[Event "*** Titled Tuesday Blitz"]
[Site "Chess.com"]
[Date "2021.02.02"]
[Round "2"]
[White "rasmussvane"]
[Black "C_K_G"]
[Result "1-0"]
[WhiteElo "2863"]
[BlackElo "2106"]
[TimeControl "180+1"]
[EndTime "10:17:36 PST"]
[Termination "rasmussvane won by checkmate"]

1. Nf3 c5 2. c4 d6 3. d4 cxd4 4. Nxd4 Nf6 5. Nc3 a6 6. g3 e6 7. Bg2 Be7 8. O-O O-O 9. b3 Qc7 10. Bb2 Nbd7 11. Rc1 Rb8 12. e3 Re8 13. Qe2 h6 14. f4 Nc5 15. b4 Ncd7 16. g4 Nh7 17. Ne4 Nb6 18. a3 Bd7 19. c5 dxc5 20. Nxc5 Bxc5 21. Rxc5 Qd8 22. g5 hxg5 23. fxg5 Nxg5 24. Qh5 e5 25. h4 exd4 26. Rxg5 f6 27. Bxd4 fxg5 28.
Qf7+ Kh8 29. Qxg7# 1-0

[Event "*** Titled Tuesday Blitz"]
[Site "Chess.com"]
[Date "2021.02.02"]
[Round "2"]
[White "FGHSMN"]
[Black "ARTHURMOTIVATOR"]
[Result "1-0"]
[WhiteElo "2632"]
[BlackElo "2306"]
[TimeControl "180+1"]
[EndTime "10:17:37 PST"]
[Termination "FGHSMN won by resignation"]

1. e4 e5 2. f4 d5 3. exd5 e4 4. d3 Nf6 5. dxe4 Nxe4 6. Nf3 Bc5 7.
Qe2 Bf2+ 8. Kd1 Qxd5+ 9. Nfd2 O-O 10. Qxe4 Qd8 11. Qf3 Qd4 12. Bd3 Re8 13. Ne4 Rxe4 14. Qxe4 Bg4+ 15. Kd2 Nc6 16. Qxd4 Nxd4 17. c3 Ne6 18.
Rf1 Bh4 19. h3 Bh5 1-0

[Event "*** Titled Tuesday Blitz"]
[Site "Chess.com"]
[Date "2021.02.02"]
[Round "2"]
[White "Ave_Mariia"]
[Black "Darius321"]
[Result "1-0"]
[WhiteElo "2472"]
[BlackElo "2271"]
[TimeControl "180+1"]
[EndTime "10:17:37 PST"]
[Termination "Ave_Mariia won by resignation"]

1. d4 d5 2. c4 e6 3. Nf3 c5 4. cxd5 exd5 5. g3 Nc6 6. Bg2 Nf6 7.
O-O cxd4 8. Nxd4 Bc5 9. Nxc6 bxc6 10. Qc2 Qb6 11. Nc3 Bd6 12. Be3 Qd8 13. Nxd5 cxd5 14. Qc6+ Bd7 15. Qxd6 Qe7 16. Bc5 Qxd6 17. Bxd6 O-O-O 18. Rac1+ Kb7 19. Rc7+ Kb6 20. Rfc1 Ne4 21. Be5 Rc8 22.
Bd4+ Kb5 23. Rb7+ Ka6 24. Rxa7+ Kb5 25. a4+ Kb4 26. Bc3+ Kb3 27. Rxd7 d4 28. Rxd4 1-0

[Event "*** Titled Tuesday Blitz"]
[Site "Chess.com"]
[Date "2021.02.02"]
[Round "2"]
[White "Aradej"]
[Black "dretch"]
[Result "0-1"]
[WhiteElo "2538"]
[BlackElo "2846"]
[TimeControl "180+1"]
[EndTime "10:17:39 PST"]
[Termination "dretch won by resignation"]

1. d4 d5 2. Nf3 Nf6 3. e3 c5 4. dxc5 e6 5. b4 a5 6. c3 b6 7. a4 bxc5 8. b5 c4 9. Nbd2 Nbd7 10. e4 Nxe4 11. Nxe4 dxe4 12. Nd2 Bb7 13. Nxc4 Qc7 14.
Be3 Bd5 15. b6 Qc6 16. Na3 Qxc3+ 17. Bd2 Qd4 18. Nb5 Qxb6 19. Be3 Bb4+ 20. Bd2 e3 21. fxe3 Qxe3+ 22. Be2 Bxg2 23. Bxb4 axb4 24. Nc7+ Ke7 25. Nxa8 Rxa8 26. Rf1 Bxf1 27. Kxf1 b3 28. Bb5 Nc5 29. Rc1 Rd8 30. Qe2 Qxc1+ 0-1

[Event "*** Titled Tuesday Blitz"]
[Site "Chess.com"]
[Date "2021.02.02"]
[Round "2"]
[White "Sanan_Sjugirov"]
[Black "Loy_Konstantin"]
[Result "1-0"]
[WhiteElo "2892"]
[BlackElo "2355"]
[TimeControl "180+1"]
[EndTime "10:17:40 PST"]
[Termination "Sanan_Sjugirov won by resignation"]

1. d4 Nf6 2. c4 c5 3. d5 b5 4. cxb5 a6 5. e3 g6 6. Nc3 Bg7 7. Nf3 O-O 8. e4 d6 9. a4 e6 10. dxe6 fxe6 11. Be2 d5 12. exd5 exd5 13. bxa6 Bxa6 14.
O-O Bxe2 15. Qxe2 Nc6 16. Qe6+ Kh8 17. Qxc6 Rc8 18. Qb5 d4 19. Ne2 Ne4 20. Ng3 Nd6 21. Qd3 c4 22. Qd1 c3 23. bxc3 dxc3 24. Qc2 Nc4 25.
Rd1 Qxd1+ 26. Qxd1 c2 27. Qxc2 Bxa1 28. Nd2 Nxd2 29.
Qxd2 Rfd8 30. Qe1 Re8 31. Be3 Bb2 32. Ne2 Ra8 33. a5 Bf6 34. g3 Re5 35. Bd4 Re6 36.
Bxf6+ Rxf6 37. Nd4 1-0

[Event "*** Titled Tuesday Blitz"]
[Site "Chess.com"]
[Date "2021.02.02"]
[Round "2"]
[White "Dedic8"]
[Black "Isajevsky_Anton"]
[Result "1-0"]
[WhiteElo "2811"]
[BlackElo "2516"]
[TimeControl "180+1"]
[EndTime "10:17:42 PST"]
[Termination "Dedic8 won by resignation"]

1. e4 c5 2. Nf3 d6 3. d4 cxd4 4. Nxd4 Nf6 5. Nc3 Bd7 6. f3 Nc6 7. Be3 Rc8 8. Qd2 Ne5 9. O-O-O a6 10. Kb1 b5 11. a3 e6 12. g4 Nc4 13. Bxc4 Rxc4 14.
h4 Qc7 15. h5 h6 16. g5 hxg5 17. Bxg5 Rxh5 18. Bxf6 Rxh1 19. Rxh1 gxf6 20. Rh8 Bc8 21.
Qh6 Qe7 22. Nf5 Kd7 23. Rxf8 exf5 24. Nd5 1-0

[Event "*** Titled Tuesday Blitz"]
[Site "Chess.com"]
[Date "2021.02.02"]
[Round "2"]
[White "FedaMaster"]
[Black "BahadirOzen"]
[Result "1/2-1/2"]
[WhiteElo "2506"]
[BlackElo "2733"]
[TimeControl "180+1"]
[EndTime "10:17:42 PST"]
[Termination "Game drawn by agreement"]

1. e4 e5 2. d4 exd4 3. Bc4 Nf6 4. Nf3 Nc6 5. O-O Nxe4 6. Re1 d5 7. Bxd5 Qxd5 8.
Nc3 Qh5 9. Nxe4 Be6 10. Bg5 Bd6 11. h4 O-O 12. Nxd6 cxd6 13. Nxd4 Qxd1 14. Raxd1 Nxd4 15. Rxd4 d5 16. c3 h6 17. Be3 Rac8 18. Rb4 b6 19. a4 Rc6 20. Ra1 Rc4 21. Rxc4 dxc4 22. a5 Rb8 23. axb6 axb6 24. Ra7 b5 25. Bd4 b4 26.
cxb4 Rxb4 1/2-1/2

[Event "*** Titled Tuesday Blitz"]
[Site "Chess.com"]
[Date "2021.02.02"]
[Round "2"]
[White "OlifantCZ"]
[Black "Iball95"]
[Result "0-1"]
[WhiteElo "2160"]
[BlackElo "2609"]
[TimeControl "180+1"]
[EndTime "10:17:42 PST"]
[Termination "Iball95 won by resignation"]

1. c4 Nf6 2. g3 c5 3. Bg2 Nc6 4. Nc3 g6 5. e4 Bg7 6. Nge2 O-O 7. O-O d6 8. d3 a6 9. h3 Rb8 10. a4 Nd4 11. Nxd4 cxd4 12. Ne2 Nd7 13. b4 a5 14. Bd2 axb4 15. Bxb4 Nc5 16. Bxc5 dxc5 17. f4 b6 18.
g4 Bd7 19. f5 Qc7 20. Nf4 Bc6 21. Nd5 Bxd5 22. exd5 Bh6 23. Qf3 Be3+ 24. Kh1 Ra8 25. Qe4 Qd6 26. Rfb1 Ra6 27. Bf3 Qg3 28. Bg2 Bf4 29.
Kg1 Qh2+ 30. Kf1 Be3 31. Qf3 Rfa8 32. f6 exf6 33. d6 Qxd6 34. Rb5 Rxa4 35. Qxa8+ Rxa8 36. Rxa8+ Kg7 37. Ra7 Qg3 38. Ke2 Qf2+ 0-1

[Event "*** Titled Tuesday Blitz"]
[Site "Chess.com"]
[Date "2021.02.02"]
[Round "2"]
[White "cukin84"]
[Black "Leo_C"]
[Result "0-1"]
[WhiteElo "2131"]
[BlackElo "2405"]
[TimeControl "180+1"]
[EndTime "10:17:42 PST"]
[Termination "Leo_C won by checkmate"]

1. e4 Nf6 2. e5 Nd5 3. d4 d6 4. c4 Nb6 5. exd6 cxd6 6. Nc3 g6 7.
Nf3 Bg7 8. Be3 O-O 9. Be2 Bg4 10.
b3 Nc6 11. O-O d5 12. c5 Nc8 13. Rb1 e6 14. b4 a6 15. a4 Bxf3 16. Bxf3 e5 17.
Nxd5 exd4 18. Bf4 g5 19. Bc7 Qd7 20. h3 h5 21. Qd2 g4 22. hxg4 hxg4 23. Qg5 f5 24.
Nb6 Nxb6 25. Bxc6 Qxc7 26. cxb6 Qxc6 27. a5 Qh6 28. Qe7 Rf7 29. Qc5 g3 30. Rb3 Qh2# 0-1

[Event "*** Titled Tuesday Blitz"]
[Site "Chess.com"]
[Date "2021.02.02"]
[Round "2"]
[White "TurboSteen"]
[Black "Chamal_Gedgafov"]
[Result "1/2-1/2"]
[WhiteElo "2047"]
[BlackElo "2376"]
[TimeControl "180+1"]
[EndTime "10:17:42 PST"]
[Termination "Game drawn by repetition"]

1. e4 e5 2. Nf3 Nc6 3. Bb5 a6 4. Ba4 f5 5. d4 fxe4 6. Bxc6 dxc6 7. Nxe5 Nf6 8. O-O c5 9. Be3 cxd4 10. Qxd4 Qxd4 11. Bxd4 Bd6 12. Nc3 Bf5 13. Rae1 O-O 14. Nc4 Bb4 15. a3 Bxc3 16. Bxc3 Rad8 17. Nd2 Nd5 18.
Nxe4 Bxe4 19. Rxe4 Nxc3 20. bxc3 Rd2 21. Re7 Rf7 22.
Re8+ Rf8 23. Re7 Rc8 24. h3 Kf8 25. Rfe1 Rxc2 26. Rd7 Rxc3 27. Ree7 Rd3 28. Rf7+ Ke8 29. Rfe7+ Kf8 30. Rf7+ Ke8 31. Rfe7+ Kf8 1/2-1/2

[Event "*** Titled Tuesday Blitz"]
[Site "Chess.com"]
[Date "2021.02.02"]
[Round "2"]
[White "DiogenesSinopeus"]
[Black "SergeiAza"]
[Result "0-1"]
[WhiteElo "2513"]
[BlackElo "2789"]
[TimeControl "180+1"]
[EndTime "10:17:43 PST"]
[Termination "SergeiAza won by resignation"]

1. d4 f5 2. Bg5 h6 3. Bh4 g5 4. Bg3 Bg7 5. e3 c5 6. Qh5+ Kf8 7. Qd1 cxd4 8. Bxb8 dxe3 9. Nc3 exf2+ 10. Kxf2 Qb6+ 11. Ke1 Qxb2 12. Nd5 Rxb8 13. Rb1 Qe5+ 14. Be2 Nf6 15. c4 g4 16. h3 Qg3+ 17. Kf1 Ne4 18. Qe1 e6 19. Nc7 Qf4+ 20. Bf3 Ng3+ 21. Kf2 Bd4+ 0-1

[Event "*** Titled Tuesday Blitz"]
[Site "Chess.com"]
[Date "2021.02.02"]
[Round "2"]
[White "Sergey85Rodchenkov"]
[Black "BabyBoss31"]
[Result "1-0"]
[WhiteElo "2536"]
[BlackElo "2311"]
[TimeControl "180+1"]
[EndTime "10:17:44 PST"]
[Termination "Sergey85Rodchenkov won by resignation"]

1. e4 c6 2. d4 d5 3. exd5 cxd5 4. c4 Nf6 5. Nc3 Nc6 6. Nf3 Be6 7. c5 g6 8. h3 Bg7 9. Bb5 O-O 10. Bxc6 bxc6 11.
O-O Nd7 12. Re1 Re8 13. Bf4 Bf5 14. Qa4 Qc8 15. g4 Be6 16. Bg3 Nf8 17. Ne5 Bd7 18. Re3 f6 19. Nxd7 Qxd7 20. Rae1 e6 21. Bd6 Kf7 22. Ne2 g5 23. Ng3 Ng6 24. Nh5 Bf8 25.
Bg3 e5 26. dxe5 Bxc5 27. Rf3 Re6 28. Nxf6 1-0

[Event "*** Titled Tuesday Blitz"]
[Site "Chess.com"]
[Date "2021.02.02"]
[Round "2"]
[White "zimmm36"]
[Black "LileKoridze"]
[Result "0-1"]
[WhiteElo "2016"]
[BlackElo "2382"]
[TimeControl "180+1"]
[EndTime "10:17:44 PST"]
[Termination "LileKoridze won by resignation"]

1. d4 Nf6 2. c4 e6 3. g3 d5 4. Nf3 Bb4+ 5. Bd2 Be7 6. Bg2 O-O 7.
O-O c6 8. Qc2 b6 9. Bf4 Bb7 10.
cxd5 cxd5 11. Rc1 Nc6 12. Nc3 Rc8 13. Nb5 Nxd4 14. Nfxd4 Rxc2 15. Rxc2 a6 16. Na7 Qa8 17. Rc7 Bd8 18. Rxb7 Qxb7 19. Nac6 Bc7 20. Rc1 Bxf4 21.
gxf4 Ne4 22. Bxe4 dxe4 23. e3 h6 24. b4 Qd7 25. a4 Kh7 26. Rc4 Qd5 27. Ne5 f6 28. Rc7 fxe5 29. fxe5 Qxe5 30. Kf1 Qxc7 0-1

[Event "*** Titled Tuesday Blitz"]
[Site "Chess.com"]
[Date "2021.02.02"]
[Round "2"]
[White "nrvisakh"]
[Black "mfwagnerpeixoto"]
[Result "1-0"]
[WhiteElo "2732"]
[BlackElo "2342"]
[TimeControl "180+1"]
[EndTime "10:17:46 PST"]
[Termination "nrvisakh won by resignation"]

1. c4 Nf6 2. g3 e6 3. Bg2 d5 4. Nf3 Be7 5. O-O O-O 6. d4 dxc4 7. Ne5 Nc6 8. Bxc6 bxc6 9. Nxc6 Qe8 10. Nxe7+ Qxe7 11. Qa4 e5 12. dxe5 Qxe5 13. Nc3 Be6 14. Bf4 Qc5 15.
Rad1 Rab8 16. Rd2 Nd5 17. Nxd5 Bxd5 18. Be3 Qb5 19. Qxb5 Rxb5 20. Bd4 f6 21. a4 Ra5 22.
Bc3 1-0

[Event "*** Titled Tuesday Blitz"]
[Site "Chess.com"]
[Date "2021.02.02"]
[Round "2"]
[White "hypert"]
[Black "Synctel"]
[Result "1-0"]
[WhiteElo "2381"]
[BlackElo "2006"]
[TimeControl "180+1"]
[EndTime "10:17:46 PST"]
[Termination "hypert won on time"]

1. Nf3 d5 2. Nc3 Nf6 3. e3 c5 4.
Bb5+ Bd7 5. a4 e6 6. O-O Bd6 7. b3 O-O 8. Bb2 Nc6 9. d4 Qc7 10. Qe2 a6 11. Bxc6 Bxc6 12. a5 cxd4 13. exd4 Ne4 14.
Nxe4 dxe4 15. Ne5 Bxe5 16. dxe5 Rfd8 17. Qe3 h6 18. Bd4 Qc8 19. Bb6 Rd7 20. Rfd1 Qe8 21.
Rd6 f5 22. Rad1 1-0

[Event "*** Titled Tuesday Blitz"]
[Site "Chess.com"]
[Date "2021.02.02"]
[Round "2"]
[White "Saxar85"]
[Black "ehrenfeld"]
[Result "1-0"]
[WhiteElo "2794"]
[BlackElo "2514"]
[TimeControl "180+1"]
[EndTime "10:17:50 PST"]
[Termination "Saxar85 won on time"]

1. e4 e5 2. Nf3 Nc6 3. Bb5 a6 4. Ba4 Nf6 5. O-O Be7 6. d3 b5 7. Bb3 d6 8. a3 Be6 9. Bxe6 fxe6 10. c3 O-O 11. Nbd2 Kh8 12. d4 exd4 13. cxd4 d5 14.
e5 Ne4 15. Qc2 Nxd2 16. Bxd2 Qe8 17. Rac1 Nd8 18. Qxc7 Rxf3 19. gxf3 Qg6+ 20. Kh1 Qf5 21. Rc3 Bh4 22. Rg1 Nf7 23. Rg4 1-0

[Event "*** Titled Tuesday Blitz"]
[Site "Chess.com"]
[Date "2021.02.02"]
[Round "2"]
[White "xberli"]
[Black "Agoking701"]
[Result "1-0"]
[WhiteElo "2497"]
[BlackElo "2295"]
[TimeControl "180+1"]
[EndTime "10:17:50 PST"]
[Termination "xberli won by resignation"]

1. c4 e5 2. Nc3 b6 3. Nf3 Nc6 4. e3 Bb7 5. g3 f5 6. Bg2 e4 7.
Nh4 Nh6 8. d4 g6 9. Bh3 Be7 10.
Nxf5 Nxf5 11. Bxf5 gxf5 12. Qh5+ Kf8 13. Qxf5+ Kg7 14. Qg4+ Kf7 15. f3 Nb4 16. O-O Bf6 17. fxe4 Ke8 18. e5 Rf8 19. e4 Nd3 20. Qh5+ Ke7 21.
exf6+ 1-0

[Event "*** Titled Tuesday Blitz"]
[Site "Chess.com"]
[Date "2021.02.02"]
[Round "2"]
[White "Tpros"]
[Black "Arseniy_Nesterov"]
[Result "1/2-1/2"]
[WhiteElo "2524"]
[BlackElo "2802"]
[TimeControl "180+1"]
[EndTime "10:17:51 PST"]
[Termination "Game drawn by repetition"]

1. e3 e5 2. d4 exd4 3. Qxd4 Nc6 4.
Qa4 Nf6 5. Nf3 d5 6. Bb5 Bd7 7.
Nc3 a6 8. Bxc6 Bxc6 9. Qf4 Bd6 10. Qh4 O-O 11. Bd2 Ne4 12. Qxd8 Raxd8 13. Nd4 Bd7 14. Nxd5 Nxd2 15. Kxd2 c5 16. Nf3 Bc6 17. c4 b5 18. b3 Be5 19. Nxe5 Bxd5 20. cxd5 Rxd5+ 21. Ke2 Rxe5 22. Rac1 Rc8 23. Rhd1 Kf8 24. Rd6 Re6 25. Rd7 Re7 26. Rd6 Re6 27. Rd7 Re7 28. Rd6 Re6 1/2-1/2

[Event "*** Titled Tuesday Blitz"]
[Site "Chess.com"]
[Date "2021.02.02"]
[Round "2"]
[White "GiorgianBarbosa"]
[Black "Lagmantr"]
[Result "0-1"]
[WhiteElo "2503"]
[BlackElo "2759"]
[TimeControl "180+1"]
[EndTime "10:17:52 PST"]
[Termination "Lagmantr won by resignation"]

1. d4 Nf6 2. c4 b6 3. Nc3 Bb7 4. Nf3 g6 5. g3 Bg7 6. Bg2 O-O 7. O-O e6 8. d5 exd5 9. cxd5 d6 10. Nd4 Nbd7 11. e4 Re8 12. h3 Nc5 13. Re1 Qd7 14. b4 Na6 15. a3 Nxd5 16. Nxd5 Bxd5 17.
exd5 Rxe1+ 18. Qxe1 Bxd4 19. Ra2 Re8 20. Re2 Rxe2 21. Qxe2 Nb8 22. Bf3 Qxh3 23. Qe8+ Kg7 24. Bf4 Nd7 25. Qe2 Ne5 26. Bxe5+ dxe5 27. Bg2 Qxg3 28.
Kf1 Qf4 29. Bf3 h5 30. Qd3 h4 31. Ke2 g5 32. Qc2 g4 33. Be4 Qxf2+ 34. Kd3 Qxc2+ 35.
Kxc2 Kh6 0-1

[Event "*** Titled Tuesday Blitz"]
[Site "Chess.com"]
[Date "2021.02.02"]
[Round "2"]
[White "SirStrateg"]
[Black "JoliyRoger"]
[Result "1/2-1/2"]
[WhiteElo "2654"]
[BlackElo "2415"]
[TimeControl "180+1"]
[EndTime "10:17:54 PST"]
[Termination "Game drawn by repetition"]

1. e4 c6 2. d3 d5 3. Nd2 e5 4. Ngf3 Bd6 5. d4 exd4 6. exd5 cxd5 7. Bd3 Nf6 8. O-O O-O 9. h3 Nc6 10. a3 h6 11. Re1 Be6 12. b4 Qc7 13. Bb2 Rac8 14.
Nb3 a6 15. Nbxd4 Nxd4 16. Bxd4 Ne4 17. Qc1 Rfe8 18. Qb2 f6 19. Re2 Bf7 20. Rae1 Bh5 21. Qb3 Bf7 22. Re3 Bf4 23. R3e2 Bd6 24. Re3 Bf4 25.
R3e2 Bd6 1/2-1/2